Map: Lightshade LE

Players

ORAF - Winner!

  • Race: Terran Terran
  • League: Master
  • Spawn Location: 11:00

straightup

  • Race: Protoss Protoss
  • League: Diamond
  • Spawn Location: 5:00

VOD

Have the link to the VOD?

Description

Time

  • Played on: Jan. 25, 2021, 9:25 a.m.
  • Length: 3:34
Show
View Real Time Build Order
Export as new Build Order

ORAF Terran - Winner!

Build Orders:  

Get SALT Encoding   

  12  0:00  SCV  
  13  0:12  SCV  
  14  0:17  Supply Depot  
  14  0:24  SCV  
  15  0:38  SCV  
  15  0:39  Barracks  
  16  0:50  SCV  
  17  1:02  SCV  
  18  1:14  Command Center  
  18  1:15  SCV  
  19  1:27  Orbital Command  
  19  1:32  Refinery  
  19  1:34  Marine  
  20  1:43  Refinery  
  20  1:54  Marine  
  20  1:55  Supply Depot, SCV  
  22  2:11  SCV  
  23  2:23  Marine  
  23  2:24  SCV  
  23  2:25  Bunker  
  23  2:27  Factory  
  25  2:36  SCV  
  26  2:42  Orbital Command  
  26  2:43  Marine  
  27  2:54  SCV  
  28  3:06  Barracks Tech Lab, SCV  
  29  3:14  Supply Depot  
  29  3:16  Factory Reactor  
  29  3:17  Starport, SCV  
  29  3:18  SCV  
Show
View Real Time Build Order
Export as new Build Order

straightup Protoss 

Build Orders: 1 Gate Expand 

Get SALT Encoding   

  12  0:00  Probe  
  13  0:12  Probe  
  14  0:17  Pylon  
  14  0:24  Probe (Chrono Boost)  
  15  0:38  Gateway  
  15  0:39  Probe (Chrono Boost)  
  16  0:44  Probe (Chrono Boost)  
  16  0:48  Assimilator  
  17  0:53  Probe  
  18  1:05  Probe  
  19  1:17  Probe  
  20  1:26  Cybernetics Core  
  20  1:35  Nexus  
  20  1:42  Pylon  
  20  1:50  Probe  
  20  1:53  Assimilator  
  21  2:00  Adept (Chrono Boost)  
  23  2:10  Probe  
  23  2:22  Probe  
  24  2:26  Adept (Chrono Boost)  
  26  2:34  Probe  
  27  2:50  Probe x2 (Chrono Boost)  
  29  3:00  Probe (Chrono Boost)  
  29  3:02  Probe (Chrono Boost)  
  29  3:05  Probe (Chrono Boost)  
  31  3:11  Probe  
  33  3:17  Probe  
Tags
 
Add a new tag
Caveats
  • Supply blocks, unpowered buildings, or Contaminate may cause inaccurate times.
  • Supply counts are checked every 10 seconds.